 Dungeon Crawl Stone Soup version 0.25.1-2-g60ff931df9 (webtiles) character file.

Game seed: 6189914412627330506

2274 lepoulpe303 the Magician (level 9, -1/38 (39) HPs)
             Began as a Spriggan Earth Elementalist on Sept 6, 2020.
             Was an Initiate of Gozag.
             Slain by a yak (15 damage)
             ... on level 7 of the Dungeon on Sept 7, 2020.
             The game lasted 00:39:11 (9618 turns).

lepoulpe303 the Magician (SpEE)                     Turns: 9618, Time: 00:39:12

HP:   -1/38 (39)    AC:  3    Str:  4    XL:     9   Next: 16%
MP:   20/30         EV: 22    Int: 23    God:    Gozag
Gold: 430           SH:  0    Dex: 17    Spells: 14/23 levels left

rFire    . . .     SeeInvis +   a - +0 rapier
rCold    + . .     Gourm    .   (shield restricted)
rNeg     + . .     Faith    .   B - +0 robe
rPois    .         Spirit   .   (helmet restricted)
rElec    .         Reflect  .   u - +0 cloak
rCorr    .         Harm     .   (gloves unavailable)
MR       ++...                  (boots unavailable)
Stlth    ++++......             A - amulet "Ytzegh" {RegenMP rC+ MP+9 Int+4}
HPRegen  0.12/turn              m - ring of protection from magic
MPRegen  0.47/turn              N - ring of positive energy {rN+}

@: very quick
A: very small, unfitting armour, see invisible, herbivore, speed 3, slow
metabolism 2
a: Potion Petition, Call Merchant, Bribe Branch, Renounce Religion


You were on level 7 of the Dungeon.
You worshipped Gozag.
Gozag was aware of your devotion.
You were not hungry.

You visited 2 branches of the dungeon, and saw 9 of its levels.
You also visited: Sewer.

You collected 506 gold pieces.
You paid 76 gold pieces to Gozag.

Inventory:

Hand Weapons
 a - a +0 rapier (weapon)
 b - a +0 short sword
 c - a +1 dagger of holy wrath
Missiles
 k - 30 poisoned darts (quivered)
 Q - 15 stones
Armour
 u - a +0 cloak (worn)
 B - a +0 robe (worn)
Jewellery
 m - a ring of protection from magic (left hand)
 A - the amulet "Ytzegh" (around neck) {RegenMP rC+ MP+9 Int+4}
   (You found it on level 5 of the Dungeon)

   [amulet of magic regeneration]

   It increases your magic regeneration.
   It affects your intelligence (+4).
   It protects you from cold.
   It affects your magic capacity (+9).
 I - an uncursed ring of protection from cold
 N - a ring of positive energy (right hand) {rN+}
Wands
 D - a wand of digging (4)
 H - a wand of polymorph (5)
Scrolls
 f - 5 scrolls of blinking {unknown}
 g - 3 scrolls of amnesia {unknown}
 i - 5 scrolls of identify
 n - a scroll of enchant armour {unknown}
 o - 2 scrolls of magic mapping {unknown}
 p - 2 scrolls of immolation {unknown}
 s - a scroll of random uselessness {unknown}
 v - a scroll of teleportation {unknown}
 w - 2 scrolls of remove curse
 y - 2 scrolls of fear {unknown}
 C - a scroll of noise {unknown}
 E - a scroll of fog {unknown}
 F - a scroll of silence {unknown}
 G - 2 scrolls of vulnerability {unknown}
Potions
 d - 4 potions of stabbing {unknown}
 h - 5 potions of haste
 j - a potion of ambrosia {unknown}
 l - 2 potions of might {unknown}
 q - 6 potions of curing
 r - a potion of cancellation {unknown}
 t - 4 potions of heal wounds {unknown}
 x - a potion of degeneration {unknown}
 z - 2 potions of flight {unknown}
Comestibles
 e - 5 rations


   Skills:
 + Level 4.2 Short Blades
 + Level 6.8 Dodging
 + Level 7.2 Stealth
 * Level 7.7 Spellcasting
 * Level 5.6 Hexes
 - Level 1.3 Transmutations
 * Level 6.1 Earth Magic


You had 14 spell levels left.
You knew the following spells:

 Your Spells              Type           Power        Failure   Level  Hunger
a - Sandblast             Erth           #####.       1%          1    None
c - Confusing Touch       Hex            ####....     2%          3    None
w - Passwall              Tmut/Erth      ####....     2%          2    None
x - Stone Arrow           Conj/Erth      ###...       6%          3    None

Your spell library contained the following spells:

 Spells                   Type           Power        Failure   Level  Hunger
 Animate Skeleton         Necr           N/A          7%          1    None
 Pain                     Necr           #...         7%          1    None
 Petrify                  Tmut/Erth      ####....     16%         4    ###....
 Lee's Rapid Deconstruct  Erth           #####.....   16%         5    #####..
 Gell's Gravitas          Tloc           #.........   22%         3    None
 Vampiric Draining        Necr           #.........   22%         3    None
 Yara's Violent Unravell  Hex/Tmut       ###.......   43%         5    #####..
 Metabolic Englaciation   Hex/Ice        ###.......   54%         5    #####..
 Animate Dead             Necr           N/A          56%         4    ###....
 Agony                    Necr           #.......     89%         5    #####..


Dungeon Overview and Level Annotations

Branches:
Dungeon (8/15)             Temple (1/1) D:6            Lair (0/6) D:8
  Sewer (visited)

Altars:
Cheibriados
Dithmenos
Elyvilon
Fedhas
Gozag
Hepliaklqana
Makhleb
Okawaru
Qazlal
Ru
Sif Muna
Uskayaw
Vehumet
Xom
Yredelemnul
Zin
The Shining One

Shops:
D:4 *

Annotations:
D:3 Grinder


Innate Abilities, Weirdness & Mutations

You are very small and have problems with some larger weapons.
You are too small for most types of armour.
You have supernaturally acute eyesight. (SInv)
You are a herbivore.
You cover ground extremely quickly.
You need to consume almost no food.


Message History

You hit the yak. The yak closely misses you. The yak completely misses you.
You hit the yak but do no damage. The yak gores you!
The yak becomes distracted by your gold, dreaming of imaginary riches.
The yak bellows!
You take 15 damage, and have 23/38 hp.
MASSIVE DAMAGE!!
You hit the yak.
The yak is no longer distracted by gold.
The yak barely misses you. The yak misses you.
You hit the yak but do no damage. The yak misses you.
You hit the yak. The yak barely misses you. The yak completely misses you.
You barely miss the yak. The yak barely misses you. The yak closely misses you.
You hit the yak. The yak gores you!
* * * LOW HITPOINT WARNING * * *
The yak completely misses you.
You take 10 damage, and have 14/38 hp.
MASSIVE DAMAGE!!
You hit the yak. The yak gores you!
You die...
Your body crumbles into a pile of gold.

........#........................
.......###......).###............
..##...###..#......#.............
..#......#..#.....##..#.#........
..##........##.....#.###.........
..#...##...####................#.
......#....#####.........#...###.
.....#.......##..Y.....###...#...
.....#..##..####@Y.#>.#####......
......#####.......##.....##..#...
......# ##......###.....#..#.##
#.....# ##..###..#..#........##
#.##### #...# ##...###.........
### ##..# #.### #.....##.. ####
### ##........ #...#...#
#...#####


You could see 2 yaks.

Levels and vault maps discovered:
D:1:      shiori_shiawase, layout_basic, kennysheep_flooded_box, st_stairs_14,
          minmay_tiny_reverse_x
D:2:      layout_basic, uniq_robin, uniq_natasha
D:3:      layout_loops_ring, gammafunk_temple_overflow_claw,
          chequers_ecumenical_altar_island, uniq_crazy_yiuf_cottage,
          uniq_grinder
D:4:      layout_cave_pools, led_sif_pool, first_ration, gup_sewer_entry_glass,
          serial_shops, nicolae_shop_behind_doors
D:5:      layout_rooms
D:6:      layout_loops_ring, lemuel_doored_altar, minmay_temple_entry_poolview
D:7:      layout_cave_pools, makhleb_blood_cavern_becter,
          nicolae_ru_awakened_eye, serial_column_ruins, column_ruins_hut,
          column_ruins_open_tiny, column_ruins_grid_3,
          column_ruins_columns_dead_end, column_ruins_columns_plus,
          column_ruins_grid_1
D:8:      layout_basic, overflow_temple_1_default, bloody_trog,
          minmay_lair_entry_grove
Temple:   zaba_magenta_temple

Notes
Turn   | Place    | Note
-------+----------+-------------------------------------------
     0 | D:1      | lepoulpe303 the Spriggan Earth Elementalist began the quest
                  | for the Orb.
     0 | D:1      | Reached XP level 1. HP: 9/9 MP: 5/5
    46 | D:1      | Identified a +0 club
   193 | D:1      | Identified a +0 club
   194 | D:1      | Identified a cursed -1 club
   195 | D:1      | Identified a +0 club
   307 | D:1      | Reached skill level 3 in Spellcasting
   307 | D:1      | Reached XP level 2. HP: 13/13 MP: 5/7
   332 | D:1      | Learned a level 2 spell: Passwall
   380 | D:1      | Identified a +0 short sword
   380 | D:1      | Identified a cursed -3 short sword
   475 | D:1      | Identified a +0 dagger
   496 | D:1      | Reached skill level 3 in Earth Magic
   777 | D:1      | Identified a +0 dagger
   828 | D:1      | Reached XP level 3. HP: 14/16 MP: 8/8
   833 | D:1      | Learned a level 3 spell: Stone Arrow
   907 | D:1      | Identified a +0 club
  1088 | D:1      | Found a basalt altar of Yredelemnul.
  1216 | D:2      | Identified a +0 short sword
  1376 | D:2      | Noticed Natasha
  1450 | D:2      | Identified a +0 whip
  1450 | D:2      | Identified a +0 animal skin
  1450 | D:2      | Identified a cursed -2 helmet
  1450 | D:2      | Noticed Robin
  1450 | D:2      | Identified a +0 club
  1451 | D:2      | Identified a +0 club
  1451 | D:2      | Identified a +0 club
  1452 | D:2      | Identified a +0 club
  1459 | D:2      | Reached skill level 4 in Stealth
  1459 | D:2      | Reached XP level 4. HP: 17/21 MP: 10/10
  1460 | D:2      | Identified a +0 dagger
  1460 | D:2      | Identified a +0 club
  1463 | D:2      | Killed Robin
  1463 | D:2      | Reached skill level 1 in Short Blades
  1469 | D:2      | Identified a +0 club
  1472 | D:2      | Identified a +0 dagger
  1687 | D:2      | Identified a +0 club
  1751 | D:2      | Reached skill level 4 in Spellcasting
  2059 | D:2      | Killed Natasha
  2274 | D:2      | Noticed Natasha
  2281 | D:2      | Killed Natasha
  2281 | D:2      | Reached skill level 4 in Dodging
  2281 | D:2      | Reached XP level 5. HP: 24/24 MP: 9/12
  2670 | D:2      | Noticed Natasha
  2675 | D:2      | Killed Natasha
  2697 | D:2      | Identified 3 scrolls of remove curse
  2698 | D:2      | Identified 3 scrolls of identify
  2698 | D:2      | Identified 3 potions of curing
  2718 | D:3      | Identified a +0 short sword
  2720 | D:3      | Identified a +0 club
  2756 | D:3      | Identified a +0 rapier (You found it on level 3 of the
                  | Dungeon)
  2790 | D:3      | Identified a +0 short sword
  2982 | D:3      | Identified a ring of see invisible (You found it on level 3
                  | of the Dungeon)
  3014 | D:3      | Identified a +0 short sword
  3075 | D:3      | Identified a +0 club
  3205 | D:3      | Identified a +0 club
  3238 | D:3      | Found a faded altar of an unknown god.
  3247 | D:3      | Reached XP level 6. HP: 26/28 MP: 14/14
  3356 | D:3      | Identified a +0 short sword
  3458 | D:3      | Identified a +0 club
  3506 | D:3      | Found a hide-covered altar of Uskayaw.
  3507 | D:3      | Found an iron altar of Okawaru.
  3507 | D:3      | Found a white marble altar of Elyvilon.
  3508 | D:3      | Noticed Grinder
  3553 | D:3      | Reached skill level 4 in Earth Magic
  3681 | D:3      | Identified a +0 dagger
  3739 | D:3      | Found a runed translucent door.
  3740 | D:3      | Identified a +4 quarterstaff of chaos
  3740 | D:3      | Identified a +0 cloak
  3740 | D:3      | Noticed Crazy Yiuf
  3920 | D:3      | Killed Crazy Yiuf
  3920 | D:3      | Reached skill level 2 in Short Blades
  4129 | D:4      | Learned a level 3 spell: Confusing Touch
  4167 | D:4      | Reached skill level 5 in Spellcasting
  4193 | D:4      | Identified a ring of protection from magic (You found it on
                  | level 4 of the Dungeon)
  4213 | D:4      | Reached skill level 5 in Stealth
  4214 | D:4      | Identified a +0 flail
  4232 | D:4      | Identified a +0 trident
  4232 | D:4      | Identified a +0 ring mail
  4242 | D:4      | Found a glowing drain.
  4267 | Sewer    | Entered a sewer
  4476 | Sewer    | Identified a +0 dagger
  4499 | Sewer    | HP: 3/28 [kobold/+0 dagger (5)]
  4502 | Sewer    | Reached skill level 1 in Hexes
  5036 | Sewer    | Identified 3 potions of haste
  5216 | D:4      | Reached XP level 7. HP: 17/32 MP: 13/16
  5392 | D:4      | Found Kipaf's Assorted Antiques.
  5590 | D:4      | Found a shimmering blue altar of Sif Muna.
  5685 | D:5      | Entered Level 5 of the Dungeon
  5701 | D:5      | Reached skill level 5 in Dodging
  5704 | D:5      | Identified a +0 dagger of holy wrath
  5704 | D:5      | Identified a +0 robe
  5721 | D:5      | Reached skill level 2 in Hexes
  5790 | D:5      | Identified a +0 dagger
  5790 | D:5      | Identified a +0 robe
  5795 | D:5      | Got a bound crystal amulet
  5795 | D:5      | Identified a +0 whip
  5795 | D:5      | Identified a +0 dagger
  5795 | D:5      | Identified a +0 robe
  5799 | D:5      | Identified a +0 shortbow
  5812 | D:5      | Identified the amulet "Ytzegh" {RegenMP rC+ MP+9 Int+4}
                  | (You found it on level 5 of the Dungeon)
  5889 | D:5      | Reached skill level 3 in Short Blades
  5889 | D:5      | Reached skill level 6 in Spellcasting
  5889 | D:5      | Reached skill level 3 in Hexes
  6184 | D:5      | Reached skill level 5 in Earth Magic
  6184 | D:5      | Reached XP level 8. HP: 33/36 MP: 18/18
  6282 | D:5      | Reached skill level 6 in Stealth
  6471 | D:6      | Identified a +0 dagger
  6471 | D:6      | Identified a +0 robe
  6476 | D:6      | Identified a +0 club
  6476 | D:6      | Identified a +0 ring mail
  6759 | D:6      | Found a hazy altar of Hepliaklqana.
  6965 | D:6      | Identified a cursed +0 long sword
  6965 | D:6      | Identified a cursed +0 robe
  6967 | D:6      | Identified a +0 trident
  6967 | D:6      | Identified a +0 robe
  6999 | D:6      | Identified a cursed +2 falchion
  6999 | D:6      | Identified a +0 robe
  7014 | D:6      | Identified a cursed +3 hand axe
  7014 | D:6      | Identified a +0 robe
  7015 | D:6      | Identified a cursed +3 mace
  7015 | D:6      | Identified a +0 robe
  7050 | D:6      | Reached skill level 4 in Hexes
  7068 | D:6      | Reached skill level 6 in Dodging
  7577 | D:6      | Found a staircase to the Ecumenical Temple.
  7586 | Temple   | Entered the Ecumenical Temple
  7652 | Temple   | Became a worshipper of Gozag Ym Sagoz the Greedy
  7776 | D:7      | Reached skill level 7 in Spellcasting
  7925 | D:7      | Identified a +0 giant club
  8003 | D:7      | Identified a cursed +0 whip
  8003 | D:7      | Identified a +0 leather armour
  8003 | D:7      | Identified a +0 short sword
  8004 | D:7      | Identified a cursed +0 hand axe
  8013 | D:7      | Identified a +0 shortbow
  8030 | D:7      | Reached skill level 5 in Hexes
  8353 | D:7      | Reached skill level 4 in Short Blades
  8353 | D:7      | Reached skill level 7 in Stealth
  8392 | D:7      | Identified a +0 mace
  8392 | D:7      | Identified a +0 chain mail
  8393 | D:7      | Identified a +0 flail
  8393 | D:7      | Identified a +1 dagger of holy wrath
  8393 | D:7      | Identified a +0 hand axe
  8669 | D:7      | Reached XP level 9. HP: 24/39 MP: 21/21
  8706 | D:7      | Identified a ring of protection from cold (You found it on
                  | level 6 of the Dungeon)
  8722 | D:7      | Identified a ring of positive energy (You found it on level
                  | 7 of the Dungeon)
  8766 | D:7      | Found a sacrificial altar of Ru.
  9242 | D:7      | Found a burning altar of Makhleb.
  9250 | D:7      | Reached skill level 6 in Earth Magic
  9589 | D:8      | Found a staircase to the Lair.
  9618 | D:7      | Slain by a yak

Table legend:
 A = Turns spent in this place as a percentage of turns spent in the entire game.
 B = Non-inter-level travel turns spent in this place as a percentage of non-inter-level travel turns spent in the entire game.
 C = Inter-level travel turns spent in this place as a percentage of turns spent in this place.
 D = Turns resting spent in this place as a percentage of non-inter-level travel turns spent in this place.
 E = Turns spent auto-exploring this place as a percentage of non-inter-level travel turns spent in this place.
 F = Non-inter-level travel turns spent in this place divided by the number of levels of this place that you've seen.
                   A       B       C       D       E      F
               +-------+-------+-------+-------+-------+----------------------
         Total | 100.0 | 100.0 |   4.1 |  33.2 |  44.2 | 922.0
       Dungeon |  90.9 |  90.7 |   4.3 |  29.6 |  47.0 | 1045.6
        Temple |   0.9 |   0.7 |  26.2 |   0.0 |  95.2 |  62.0
         Sewer |   8.2 |   8.6 |   0.0 |  73.6 |  11.3 | 793.0
               +-------+-------+-------+-------+-------+----------------------

Table legend:
 A = Kills in this place as a percentage of kills in entire the game.
 B = Kills by you in this place as a percentage of kills by you in the entire game.
 C = Kills by friends in this place as a percentage of kills by friends in the entire game.
 D = Other kills in this place as a percentage of other kills in the entire game.
 E = Experience gained in this place as a percentage of experience gained in the entire game.
 F = Experience gained in this place divided by the number of levels of this place that you have seen.
                   A       B       C       D       E      F
               +-------+-------+-------+-------+-------+----------------------
         Total | 100.0 | 100.0 |   N/A |   N/A | 100.0 | 324.9
       Dungeon |  96.5 |  96.5 |   N/A |   N/A |  96.4 | 391.4
         Sewer |   3.5 |   3.5 |   N/A |   N/A |   3.6 | 118.0
               +-------+-------+-------+-------+-------+----------------------

Skill      XL: |  1  2  3  4  5  6  7  8  9 |
---------------+----------------------------+-----
Spellcasting   | 3 4 5 6 7 |  7.7
Earth Magic    | 3 4 5 6 |  6.1
Stealth        | 4 5 7 |  7.2
Short Blades   | 1 2 3 4 |  4.2
Dodging        | 4 5 6 |  6.8
Hexes          | 1 3 5 |  5.6
Transmutations | |  1.3

Action                   |  1- 3 |  4- 6 |  7- 9 || total
-------------------------+-------+-------+-------++-------
Melee: Unarmed           |    15 |       |       ||    15
       Short sword       |    76 |    93 |    10 ||   179
       Rapier            |       |   169 |   230 ||   399
       Dagger            |       |       |    24 ||    24
Throw: Dart              |       |       |    11 ||    11
 Cast: Sandblast         |    27 |    55 |    48 ||   130
       Stone Arrow       |       |     1 |    31 ||    32
       Confusing Touch   |       |       |     2 ||     2
  Use: Scroll            |       |     3 |     1 ||     4
       Potion            |       |     1 |       ||     1
 Stab: Sleeping          |    10 |     8 |     3 ||    21
       Distracted        |       |     1 |     1 ||     2
       Confused          |       |       |     1 ||     1
  Eat: Ration            |       |     1 |     3 ||     4
Armor: Robe              |     6 |    32 |    20 ||    58
Dodge: Dodged            |    87 |   250 |   278 ||   615

Vanquished Creatures
  A steam dragon (D:7)
  A hungry ghost (D:7)
  A porcupine (D:8)
  A phantom (D:5)
  2 sky beasts (D:5)
  A necrophage (D:7)
  An ogre (D:7)
  2 centaurs
  A crocodile (Sewer)
  A bullfrog (D:7)
  2 scorpions
  5 wights (D:6)
  A howler monkey (D:6)
  A centaur zombie (D:6)
  A crimson imp (D:6)
  An orc priest (D:7)
  3 hounds
  Crazy Yiuf (D:3)
  4 orc wizards
  Natasha (thrice) (D:2)
  2 iguanas (D:4)
  3 worker ants
  2 hound skeletons
  Robin (D:2)
  10 adders
  A howler monkey skeleton (D:7)
  An ooze (D:3)
  An adder zombie (D:7)
  3 worms
  3 dart slugs
  4 leopard geckos
  12 orcs
  3 ball pythons (D:1)
  15 giant cockroaches
  17 goblins
  13 hobgoblins
  12 jackals
  A quokka (D:2)
  7 bats
  6 frilled lizards
  12 kobolds
  A quokka skeleton (D:4)
  9 rats
173 creatures vanquished.

Vanquished Creatures (others)
  2 plants (D:8)
2 creatures vanquished.

Grand Total: 175 creatures vanquished
